 Dungeon Crawl Stone Soup version 0.31-a0-145-g046c7d2549 (webtiles) character file.

Game seed: 13751905767962538654

75 Angani the Conjurer (level 3, -1/26 HPs)
             Began as a Demigod Conjurer on June 5, 2023.
             Slain by a centaur (3 damage)
             ... on level 3 of the Dungeon.
             The game lasted 00:03:56 (2083 turns).

Angani the Conjurer (Demigod Conjurer)              Turns: 2083, Time: 00:03:57

Health: -1/26      AC:  7    Str:  8    XL:     3   Next: 88%
Magic:  14/19      EV: 10    Int: 24    God:
Gold:   135        SH:  0    Dex: 18    Spells: 5/8 levels left

rFire   . . .        (no weapon)
rCold   . . .        (no shield)
rNeg    . . .        i - +0 swamp dragon scales
rPois   +            (no helmet)
rElec   .            (no cloak)
rCorr   .            (no gloves)
SInv    .            (no boots)
Will    .....        (no amulet)
Stlth   +            h - ring of magical power
HPRegen 0.24/turn    k - +6 ring of dexterity
MPRegen 0.16/turn

%: no passive effects
@: hasted, very quick
A: high MP 1, forlorn, divine attributes
a: no special abilities


You were on level 3 of the Dungeon.
You visited 1 branch of the dungeon, and saw 3 of its levels.

You collected 135 gold pieces.

Inventory:

Missiles
 b - a throwing net
Armour
 i - +0 swamp dragon scales (worn)
Jewellery
 f - an amulet of guardian spirit
 h - a ring of magical power (left hand)
 k - a +6 ring of dexterity (right hand)
Scrolls
 a - a scroll of magic mapping {unknown}
 d - a scroll of poison {unknown}
 e - 2 scrolls of identify {unknown}
Potions
 c - a potion of haste
 g - 2 potions of degeneration {unknown}
 j - a potion of invisibility {unknown}


   Skills:
 - Level 1.7 Dodging
 - Level 1.7 Stealth
 * Level 3.1 Spellcasting
 + Level 4.3 Conjurations


You had 5 spell levels left.
You knew the following spells:

 Your Spells              Type           Power      Damage    Failure   Level
a - Magic Dart            Conj           96%        1d7       5%          1
b - Searing Ray           Conj           48%        2d6       9%          2

Your spell library contained the following spells:

 Spells                   Type           Power      Damage    Failure   Level
 Shock                    Conj/Air       56%        1d6       14%         1
 Freeze                   Ice            12%        1d3       32%         1
 Dazzling Flash           Conj/Hex       28%        N/A       38%         3
 Hailstorm                Conj/Ice       14%        3d5       38%         3
 Ensorcelled Hibernation  Hex/Ice        6%         N/A       45%         2
 Passwall                 Tmut/Erth      2%         N/A       45%         2
 Frozen Ramparts          Ice            6%         1d1       69%         3
 Swiftness                Air            3%         N/A       69%         3
 Fulminant Prism          Conj/Hex       7%         3d7       80%         4
 Iskenderun's Mystic Bla  Conj/Tloc      14%        2d5       80%         4
 Airstrike                Air            1%         2d(1-17)  97%         4
 Ice Form                 Ice/Tmut       3%         N/A       97%         4
 Simulacrum               Ice/Necr       1%         N/A       100%        6


Dungeon Overview and Level Annotations

Branches:
Dungeon (3/15)


Innate Abilities, Weirdness & Mutations

You have an increased reservoir of magic. (+10% MP)
You shall have no god before yourself.
Your divine heritage dramatically boosts your attributes as you level up.


Message History

The centaur wields a +0 shortbow of electrocution.
You hear the crackle of electricity.
The centaur shoots an arrow.
The arrow hits you!
The centaur shoots an arrow.
The arrow hits you.
Found an amulet of faith.
The centaur unwields a +0 shortbow of electrocution.
It stops crackling.
The centaur hits you but does no damage.
The centaur kicks you.
Casting: Magic Dart (safe; 5% risk of failure)
Confirm with . or Enter, or press ? or * to list all spells.
Aiming: Searing Ray (safe; 9% risk of failure)
Press: ? - help, Shift-Dir - straight line, f - centaur
Aim: a centaur (87% to hit)
The searing ray misses the centaur. (Press . to maintain the ray.)
The centaur hits you but does no damage.
The centaur kicks you.
The searing ray hits the centaur.
The centaur is lightly wounded.
The centaur closely misses you. The centaur misses you.
An orc comes into view. It is wielding a +0 flail.
The centaur closely misses you.
The centaur kicks you but does no damage.
The searing ray hits the centaur!
The centaur is heavily wounded.
The orc shouts!
The centaur hits you.
The centaur kicks you but does no damage.
The searing ray hits the centaur.
The centaur is heavily wounded.
You finish channelling your searing ray.
The centaur hits you.
* * * LOW HITPOINT WARNING * * *
The centaur kicks you.
* * * LOW HITPOINT WARNING * * *
The centaur closely misses you.
The centaur kicks you but does no damage.
It was a potion of haste.
You feel yourself speed up. The centaur hits you.
You die...

# ##### ## # #.... .# #
#...###.## # #.......⌠#
###........# #######
..#...⌠._.⌠# #.#...
..#........# #.#.###...
..###......# #.@c....#
....).##..## #.#.###.#
####..##.######.#.###.#
#..#................
#..#########.#.##._.
#..# #o#.# .... ...".
..... ..###. ##...#
.... ..


You could see a centaur and an orc.

Vanquished Creatures
  2 adders
  2 worms (D:2)
  An orc (D:3)
  7 endoplasms
  4 giant cockroaches
  3 goblins
  8 hobgoblins
  5 ball pythons
  3 bats
  2 frilled lizards
  6 kobolds
  3 rats
46 creatures vanquished.

Notes
Turn   | Place    | Note
-------+----------+-------------------------------------------
     0 | D:1      | Angani the Demigod Conjurer began the quest for the Orb.
     0 | D:1      | Reached XP level 1. HP: 14/14 MP: 5/5
   487 | D:1      | Reached XP level 2. HP: 20/20 MP: 5/7
   572 | D:1      | Learned a level 2 spell: Searing Ray
   885 | D:2      | Reached skill level 4 in Conjurations
  1220 | D:2      | Reached XP level 3. HP: 26/26 MP: 9/9
  2077 | D:3      | Noticed a centaur
  2083 | D:3      | Slain by a centaur

Illustrated notes

Levels and vault maps discovered:
D:1:      amcnicky_arrival_gap_in_the_tavern_cellar, layout_rooms
D:2:      layout_rooms, chequers_avenue, chequers_arboretum
D:3:      minmay_bubble_buster, layout_basic,
          mainiacjoe_overflow_catch_the_wave, hellmonk_ecumenical_altar_run_dry

Skill      XL: |  1  2  3 |
---------------+----------+-----
Spellcasting   | 2 3 |  3.1
Conjurations   | 4 |  4.3
Dodging        | |  1.7
Stealth        | |  1.7

Action                     || total
---------------------------++-------
  Melee: Unarmed           ||    16
   Cast: Magic Dart        ||    96
         Searing Ray       ||     5
    Use: Potion            ||     2
 Armour: Robe              ||     1
         Swamp dragon scal ||     6
  Dodge: Dodged            ||    17

Table legend: (Time is in decaauts)
 A = Elapsed time spent in this place.
 B = Non-inter-level travel time spent in this place.
 C = Inter-level travel time spent in this place.
 D = Time resting spent in this place.
 E = Time spent auto-exploring this place.
 F = Levels seen in this place.
 G = Mean time per level.
                   A        B        C        D        E       F      G
               +--------+--------+--------+--------+--------+-----+--------+
         Total |   2081 |   2044 |     37 |     81 |   1722 |   3 |  693.7 |
       Dungeon |   2081 |   2044 |     37 |     81 |   1722 |   3 |  693.7 |
               +--------+--------+--------+--------+--------+-----+--------+

Top non-repeatable levels by time:
     D:1: 764 daAuts
     D:2: 761 daAuts
     D:3: 555 daAuts
